 Dungeon Crawl Stone Soup version 0.14-a0-736-g2a71271 (webtiles) character file.

551 Impy the Skirmisher (level 6, -4/43 HPs)
             Began as a Demonspawn Gladiator on Nov 7, 2013.
             Slain by a gnoll
             ... wielding a +0,+0 halberd
              (7 damage)
             ... on Level 3 of the Dungeon.
             The game lasted 00:09:52 (3009 turns).

Impy the Skirmisher (Demonspawn Gladiator)          Turns: 3009, Time: 00:09:53

HP  -4/43        AC  5     Str 15      XL: 6   Next: 57%
MP   0/5         EV 12     Int 12      God:
Gold 144         SH  0     Dex 10 (13) Spells:  0 memorised,  5 levels left

Res.Fire  : + . .   See Invis. : .   r - +0 halberd
Res.Cold  : . . .   Warding    : .   b - +0 leather armour
Life Prot.: . . .   Conserve   : .   (no shield)
Res.Poison: .       Res.Corr.  : .   c - +0 helmet
Res.Elec. : .       Clarity    : .   m - +0 elf cloak (curse)
Sust.Abil.: . .     Spirit.Shd : +   (no gloves)
Res.Mut.  : .       Stasis     : .   (no boots)
Res.Rott. : .       Flight     : .   p - amulet of faith
Saprovore : . . .                    (no ring)
                                     (no ring)

@: quick, slightly resistant to hostile enchantments, unstealthy
A: fire resistance 1, speed 1, -10% hp, powered by death 2, magic shield
a: no special abilities


You were on level 3 of the Dungeon.
You were not hungry.

You visited 1 branch of the dungeon, and saw 3 of its levels.

You collected 144 gold pieces.

Inventory:

Hand weapons
 a - a +1,+1 trident
 o - a +2,+2 flail of protection
 r - a +0,+0 halberd (weapon)
Missiles
 g - a throwing net (quivered)
 n - a throwing net [falling apart]
 q - a throwing net [torn]
Armour
 b - a +0 leather armour (worn)
 c - a +0 helmet (worn)
 m - a cursed +0 elven cloak (worn)
Magical devices
 d - a wand of digging (1)
 u - a wand of random effects (8)
Comestibles
 f - 2 bread rations
 h - 2 meat rations
Scrolls
 e - 3 scrolls of enchant weapon I
 j - 2 scrolls of remove curse {unknown}
 k - 4 scrolls of teleportation
Jewellery
 i - an uncursed ring of fire {unknown}
 p - an amulet of faith (around neck)
 s - a +3 ring of protection {unknown}
Potions
 l - a potion of agility
 t - a potion of magic


   Skills:
 + Level 4.5 Fighting
 + Level 4.3 Polearms
 - Level 1.7 Throwing
 + Level 4.4 Dodging


You had 5 spell levels left.
You didn't know any spells.

Dungeon Overview and Level Annotations

Branches:
Dungeon (3/27)

Altars:
Elyvilon


Innate Abilities, Weirdness & Mutations

You can steal the life force of defeated enemies.
When hurt, damage is shared between your health and your magic reserves.
Your flesh is heat resistant.
You cover ground quickly.
You are frail (-10% HP).


Message History

You reach to attack!
You barely miss the gnoll.
The gnoll is heavily wounded.
The gnoll hits you from afar with a halberd!
* * * LOW HITPOINT WARNING * * *
Attack whom?
Press: ? - help, Dir - move target cursor, f/p - gnoll
Aim: a gnoll, wielding a halberd (heavily wounded)
You reach to attack!
You barely miss the gnoll.
The gnoll is heavily wounded.
The gnoll barely misses you.
Drink which item? (? for menu, Esc to quit)
Okay, then.
Evoke which item? (* to show all) (? for menu, Esc to quit)
Zapping:
d - a forked ivory wand
Press: ? - help, Shift-Dir - straight line, f/p - gnoll
Aim: a gnoll, wielding a halberd (heavily wounded)
The rock shatters into small pieces.
d - a wand of digging {zapped: 1} The gnoll hits you from afar with a halberd!
You die...

[#.# ## ..# #.###.#
###.#..###
#........#
###.##.....#
......%....#
###.###....###
#.......@<.#########
##.###.............#
# #.###g#######.#
#+# #..# #.######
..#.# #.......
.####.####....... ..
##........## ..
####....#..)## .
+............)


You could see a gnoll.

Vanquished Creatures
  Grinder (D:3)
  4 gnolls (D:2)
  5 adders
  2 worms
  3 giant geckos
  2 oozes
  9 orcs (D:3)
  14 bats
  A giant cockroach (D:1)
  10 hobgoblins
  6 kobolds
  A quokka (D:2)
  9 giant newts
  3 goblins (D:2)
  2 jackals (D:3)
  6 rats
78 creatures vanquished.

Notes
Turn   | Place    | Note
--------------------------------------------------------------
     0 | D:1      | Impy, the Demonspawn Gladiator, began the quest for the Orb.
     0 | D:1      | Reached XP level 1. HP: 17/17 MP: 0/0
   255 | D:1      | Gained mutation: You can steal the life force of nearby defeated enemies. [demonic ancestry]
   255 | D:1      | Reached XP level 2. HP: 18/23 MP: 1/1
   289 | D:1      | Reached skill level 3 in Polearms
   505 | D:1      | Reached XP level 3. HP: 29/29 MP: 2/2
  1139 | D:2      | Gained mutation: You are frail (-10% HP). [potion of mutation]
  1139 | D:2      | Gained mutation: Your flesh is heat resistant. [potion of mutation]
  1139 | D:2      | Gained mutation: You cover ground quickly. [potion of mutation]
  1249 | D:2      | Gained mutation: You can steal the life force of defeated enemies. [demonic ancestry]
  1249 | D:2      | Reached XP level 4. HP: 27/31 MP: 3/3
  2102 | D:3      | Reached XP level 5. HP: 36/36 MP: 4/4
  2478 | D:3      | Found a white marble altar of Elyvilon.
  2827 | D:3      | Noticed Grinder
  2894 | D:3      | Killed Grinder
  2894 | D:3      | Reached skill level 4 in Fighting
  2894 | D:3      | Gained mutation: When hurt, damage is shared between your health and your magic reserves. [demonic ancestry]
  2894 | D:3      | Reached XP level 6. HP: 19/43 MP: 5/5
  3009 | D:3      | Slain by a gnoll

Action                   |  1- 3 |  4- 6 || total
-------------------------+-------+-------++-------
Melee: Trident           |   172 |    47 ||   219
       Halberd           |       |   112 ||   112
Throw: Throwing net      |       |     3 ||     3
Evoke: Wand              |       |     3 ||     3
  Use: Scroll            |     8 |     2 ||    10
       Potion            |     5 |     9 ||    14
 Stab: Sleeping          |     1 |     1 ||     2
       Held in net/web   |       |     3 ||     3
